 Dungeon Crawl Stone Soup version 0.27-a0-909-g0721f309d1 (webtiles) character file.

Game seed: 5586208413532919152

2 littlecub the Shield-Bearer (level 1, 22/22 HPs)
             Began as a Troll Fighter on Apr 8, 2021.
             Was a Follower of Trog.
             Quit the game on level 1 of the Dungeon.
             The game lasted 00:01:16 (119 turns).

littlecub the Shield-Bearer (Troll Fighter)          Turns: 119, Time: 00:01:16

Health: 22/22      AC:  4    Str: 23    XL:     1   Next: 25%
Magic:  0/0        EV:  7    Int:  4    God:    Trog [*.....]
Gold:   12         SH:  8    Dex:  9    Spells: 0/0 levels left

rFire    . . .     SeeInvis .     - Unarmed
rCold    . . .     Faith    .   b - +0 kite shield
rNeg     . . .     Spirit   .   a - +0 robe
rPois    .         Reflect  .   (helmet restricted)
rElec    .         Harm     .   (no cloak)
rCorr    .         Rampage  .   (gloves unavailable)
Will     .....                  (boots unavailable)
Stlth    +.........             (no amulet)
HPRegen  1.07/turn              (no ring)
MPRegen  0.07/turn              (no ring)

@: no status effects
A: large, unfitting armour, claws 3, regeneration 1, shaggy fur 1, tough skin 1
a: Renounce Religion, Berserk


You were on level 1 of the Dungeon.
You worshipped Trog.
Trog was aware of your devotion.
You visited 1 branch of the dungeon, and saw 1 of its levels.

You collected 12 gold pieces.

Inventory:

Armour
 a - a +0 robe (worn)
 b - a +0 kite shield (worn)
Potions
 c - a potion of might
 d - a potion of curing {unknown}


   Skills:
 * Level 2.4 Fighting
 + Level 2.4 Dodging
 * Level 2.4 Shields
 * Level 2.0 Unarmed Combat


You couldn't memorise any spells.
You didn't know any spells.
Your spell library was empty.

Dungeon Overview and Level Annotations

Branches:
Dungeon (1/15)

Altars:
Trog


Innate Abilities, Weirdness & Mutations

You are too large for most types of armour.
You have claws for hands.
Your natural rate of healing is unusually fast.
You are covered in fur. (AC +1)
You have tough skin. (AC +1)


Message History

Welcome, littlecub the Troll Fighter.
Will you prevail where others failed? Will you find the Orb of Zot?
Press ? for a list of commands and other information.
Found 14 stones and 12 gold pieces.
Found a staircase leading out of the dungeon.
You now have 12 gold pieces.
A kobold comes into view. It is wielding a +0 short sword.
The kobold shouts!
The kobold throws a stone.
The stone barely misses you. The kobold hits you but does no damage.
You closely miss the kobold. You block the kobold's attack.
You claw the kobold!
You kill the kobold!
No target in view!
Things that are here:
a +0 short sword; 5 stones; a kobold corpse You see here 14 stones.
A bat comes into view.
The bat barely misses you.
A bat is nearby!
You scratch the bat.
You kill the bat!
d - a fizzy golden potion
Found a faded altar of an unknown god.
Found a hand axe.
No target in view!
There is a faded altar of an unknown god here.
You cannot tell which god this altar belongs to.
Convert to them anyway?
Trog accepts your prayer! Trog welcomes you!
You can now go berserk at will.
Okay, then.
Are you sure you want to abandon this character and quit the game? (Confirm with "yes".)

#..###..#..##.
.##..#..##.###.
.)#..#..##.# #.
##..##...###.# #.
#... #.<.# #.# #. ...
##..(###.# #. #.#
#..#..##.# #.
.#.#####.###..#..##.#
.......@..#..###..#.#
...####..##.##.##.#
##.##.# .##.##
#.#.###.###.##
#..##.....##.#
###.....###..#
##...#.##.##
##.#.#.#.# #....#..#


There were no monsters in sight!

Vanquished Creatures
  A kobold (D:1)
  A bat (D:1)
2 creatures vanquished.

Notes
Turn   | Place    | Note
-------+----------+-------------------------------------------
     0 | D:1      | littlecub the Troll Fighter began the quest for the Orb.
     0 | D:1      | Reached XP level 1. HP: 22/22 MP: 0/0
   102 | D:1      | Found a faded altar of an unknown god.
   118 | D:1      | Became a worshipper of Trog the Wrathful
   118 | D:1      | Reached * piety under Trog
   119 | D:1      | Quit the game

Illustrated notes

Levels and vault maps discovered:
D:1:      dpeg_arrival_simpleton_a, layout_loops_ring, basic_ecumenical_altar

Action                   || total
-------------------------++-------
Melee: Unarmed           ||     3
Armor: Robe              ||     1
Dodge: Dodged            ||     2
Block: Kite shield       ||     1

Table legend: (Time is in decaauts)
 A = Elapsed time spent in this place.
 B = Non-inter-level travel time spent in this place.
 C = Inter-level travel time spent in this place.
 D = Time resting spent in this place.
 E = Time spent auto-exploring this place.
 F = Levels seen in this place.
 G = Mean time per level.
                   A        B        C        D        E       F      G
               +--------+--------+--------+--------+--------+-----+--------+
         Total |    119 |    119 |      0 |      0 |    107 |   1 |  119.0 |
       Dungeon |    119 |    119 |      0 |      0 |    107 |   1 |  119.0 |
               +--------+--------+--------+--------+--------+-----+--------+

Top non-repeatable levels by time:
     D:1: 119 daAuts
